 Dungeon Crawl Stone Soup version 0.22-a0-42-g002c468 (webtiles) character file.

29 shenanigans the Charmwright (level 3, 18/29 HPs)
             Began as a Barachi Skald on Jan 5, 2018.
             Was a Follower of Yredelemnul.
             Quit the game on level 2 of the Dungeon.
             The game lasted 00:03:49 (1408 turns).

shenanigans the Charmwright (Barachi Skald)         Turns: 1408, Time: 00:03:49

Health: 18/29      AC:  9    Str: 12    XL:     3   Next: 16%
Magic:  6/6        EV:  6    Int: 14    God:    Yredelemnul [*.....]
Gold:   114        SH:  0    Dex: 11    Spells: 5/6 levels left

rFire    . . .     SeeInvis .   a - +0 hand axe
rCold    . . .     Gourm    .   (no shield)
rNeg     . . .     Faith    .   i - +0 chain mail
rPois    .         Spirit   .   (no helmet)
rElec    .         Reflect  .   (no cloak)
rCorr    .         Harm     .   l - +0 pair of gloves
MR       .....                  (no boots)
Stlth    ..........             m - amulet of inaccuracy (curse)
HPRegen  0.09/turn              (no ring)
MPRegen  0.10/turn              (no ring)

@: slow
A: +LOS, swims, slowness 1, strong legs 1
a: Hop, Animate Remains, Renounce Religion


You were on level 2 of the Dungeon.
You worshipped Yredelemnul.
Yredelemnul was aware of your devotion.
You were hungry.

You visited 1 branch of the dungeon, and saw 2 of its levels.

You collected 114 gold pieces.

Inventory:

Hand Weapons
 a - a +0 hand axe (weapon)
Armour
 b - a +0 leather armour
 i - a +0 chain mail (worn)
 l - a +0 pair of gloves (worn)
Jewellery
 m - a cursed amulet of inaccuracy (around neck)
Scrolls
 j - a scroll of amnesia
Potions
 e - a potion of brilliance {unknown}
 f - 2 potions of lignification {unknown}
 h - a potion of heal wounds
 k - a potion of haste
Books
 c - a book of Battle

   Spells                             Type                      Level
   a - Infusion                       Charms                       1
   b - Shroud of Golubria             Charms/Translocation         2
   c - Song of Slaying                Charms                       2
   d - Spectral Weapon                Hexes/Charms                 3
   e - Regeneration                   Charms/Necromancy            3
Comestibles
 d - 3 rations


   Skills:
 + Level 3.0 Fighting
 + Level 2.7 Axes
 + Level 2.1 Armour
 + Level 2.6 Dodging
 - Level 2.1 Spellcasting
 - Level 3.2 Charms


You had 5 spell levels left.
You knew the following spells:

 Your Spells              Type           Power        Failure   Level  Hunger
a - Infusion              Chrm           ##..         94%         1    #......


Dungeon Overview and Level Annotations

Branches:
Dungeon (2/15)

Altars:
Yredelemnul


Innate Abilities, Weirdness & Mutations

Shadows flee at your approach. (+LOS)
You can swim through water.
You cover ground slowly.
You can hop short distances.


Message History

Really abort (and waste the scroll)? [Y]es or [N]o only, please.
Really abort (and waste the scroll)? [Y]es or [N]o only, please.
Really abort (and waste the scroll)? [Y]es or [N]o only, please.
Really abort (and waste the scroll)? [Y]es or [N]o only, please.
Really abort (and waste the scroll)? [Y]es or [N]o only, please.
Really abort (and waste the scroll)? [Y]es or [N]o only, please.
Really abort (and waste the scroll)?
Really abort (and waste the scroll)? [Y]es or [N]o only, please.
Really abort (and waste the scroll)?
Okay, then.
The leopard gecko barely misses you.
Unknown command.
Are you sure you want to abandon this character and quit the game? (Confirm with "yes".)

#.#.P.......#
#...##.##.
#.#...P.....#
#.#.##....
#.#......#..#
#...(.<###
#.#####.P...# ###.(..#
#...........# #####.#.#
###########.###.......#
###### #.......##..#
#...K####.......##..#
+...Kl@........)##..#
#...r#####......##..#
#....# #.......###>###
#....# #.....#..(.....
##.... #.....#.#######
#.### #.....#.# # #.
#.....#.# # #.
#####.#.# # .. #...# #


You could see a leopard gecko, 2 kobolds and a rat.

Vanquished Creatures
  A worm (D:2)
  A dart slug (D:2)
  A leopard gecko (D:2)
  2 giant cockroaches
  A hobgoblin (D:1)
  3 jackals (D:2)
  A quokka (D:2)
  A bat (D:1)
  4 frilled lizards
  5 kobolds
  3 rats
23 creatures vanquished.

Vanquished Creatures (collateral kills)
  A kobold (D:2)
  A rat (D:2)
2 creatures vanquished.

Vanquished Creatures (others)
  A jackal skeleton (D:2)
1 creature vanquished.

Grand Total: 26 creatures vanquished

Notes
Turn   | Place    | Note
-------+----------+-------------------------------------------
     0 | D:1      | shenanigans the Barachi Skald began the quest for the Orb.
     0 | D:1      | Reached XP level 1. HP: 17/17 MP: 3/3
   447 | D:1      | Reached XP level 2. HP: 20/23 MP: 5/5
   708 | D:2      | Found a faded altar of an unknown god.
   743 | D:2      | Became a worshipper of Yredelemnul the Dark
   743 | D:2      | Reached * piety under Yredelemnul
  1299 | D:2      | Reached XP level 3. HP: 28/28 MP: 6/6
  1408 | D:2      | Quit the game

Vault maps used:
D:1:      nicolae_arrival_washed_ashore
D:2:      cheibrodos_old_hovel, chequers_ecumenical_altar_simple_redux

Skill      XL: |  1  2  3 |
---------------+----------+-----
Armour         | 2 |  2.1
Fighting       | 3 |  3.0
Axes           | |  2.7
Dodging        | |  2.6
Spellcasting   | |  2.1
Charms         | |  3.2

Action                   || total
-------------------------++-------
Melee: Hand axe          ||   141
Invok: Animate Remains   ||     1
  Use: Scroll            ||     6
 Stab: Distracted        ||     1
  Eat: Chunk             ||     2
Armor: Chain mail        ||   115
Dodge: Dodged            ||    67

Table legend:
 A = Spawn XP
 B = Non-spawn XP
 C = Spawn XP percentage of total XP
 D = Spawn monster count
 E = Non-spawn monster count
 F = Spawn count percentage of total count
 G = Total turns spent on level
                    A         B        C        D         E        F      G
               +---------+---------+-------+---------+---------+-------+---------
         Total |       0 |      42 |   0.0 |       0 |      25 |   0.0 |  1408
               +---------+---------+-------+---------+---------+-------+---------
           D:1 |       0 |      11 |   0.0 |       0 |       9 |   0.0 |   696
           D:2 |       0 |      31 |   0.0 |       0 |      16 |   0.0 |   712
               +---------+---------+-------+---------+---------+-------+---------
